 Dungeon Sprint DCSS version 0.31-a0-1-g4198be8af4 (webtiles) character file.

Game seed: 3161739515158277871

10 Darkkill the Trooper (level 2, -10/20 HPs)
             Began as a Gargoyle Berserker on May 2, 2023.
             Was a Follower of Trog.
             Killed from afar by an oklob sapling (26 damage)
             ... with a splash of acid
             ... in the Dungeon (Sprint IV: "Fedhas' Mad Dash").
             The game lasted 00:00:58 (64 turns).

Darkkill the Trooper (Gargoyle Berserker)             Turns: 64, Time: 00:00:58

Health: -10/20     AC:  9    Str: 20    XL:     2   Next: 20%
Magic:  2/2        EV: 10    Int:  7    God:    Trog [*.....]
Gold:   0          SH:  0    Dex:  9    Spells: 1/1 levels left

rFire   . . .        a - +0 mace
rCold   . . .        (no shield)
rNeg    + . .        i - +0 scale mail
rPois   ∞            (no helmet)
rElec   +            (no cloak)
rCorr   .            (no gloves)
SInv    .            (no boots)
Will    .....        (no amulet) Stlth
                     (no ring)
HPRegen 0.23/turn    (no ring)
MPRegen 0.08/turn

%: no teleportation
@: on berserk cooldown
A: sickness immunity, AC +2, negative energy resistance 1, electricity
resistance, torment resistance 1, petrification resistance
a: Renounce Religion, Berserk


You were in the Dungeon.
You worshipped Trog.
Trog was aware of your devotion.
You visited 1 branch

Inventory:

Hand Weapons
 a - a +0 mace (weapon)
Armour
 i - a +0 scale mail (worn)
Scrolls
 h - a scroll of blinking
Potions
 c - a potion of curing {@q1}
 d - a potion of heal wounds
 e - a potion of haste
 f - 2 potions of magic
 g - a potion of berserk rage


   Skills:
 + Level 4.0 Fighting
 + Level 3.6 Maces & Flails
 + Level 3.1 Armour
 + Level 2.3 Dodging


You had one spell level left.
You didn't know any spells.
Your spell library was empty.

Dungeon Overview and Level Annotations

Branches:
Dungeon (1/1)

Altars:

Annotations:
D exclusion: oklob sapling


Innate Abilities, Weirdness & Mutations

You are immune to sickness and miasma.
Your stone body is resilient. (AC +2)
You are immune to poison.
You resist negative energy. (rN+)
You are resistant to electric shocks. (rElec)
You are resistant to unholy torment.
You are immune to petrification.


Message History

Welcome, Darkkill the Gargoyle Berserker.
Trog says: Kill them all!
Press ? for a list of commands and other information.
Found a staircase leading out of the dungeon.
You thump the fungus!
The fungus begins to die.
The fungus is lightly damaged.
There is a staircase leading out of the dungeon here.
You hit the fungus.
The fungus begins to die.
The fungus is lightly damaged.
A nearby fungus withers and dies.
You hit the fungus.
The fungus begins to die.
The fungus is lightly damaged.
A nearby fungus withers and dies.
You sock the fungus!
The fungus begins to die.
The fungus is lightly damaged.
You hit the fungus.
The fungus begins to die.
The fungus is lightly damaged.
A nearby fungus withers and dies. x2
A nearby fungus withers and dies.
You hit the fungus.
The fungus begins to die.
The fungus is lightly damaged.
You hit the fungus.
The fungus is lightly damaged.
You hit the fungus.
The fungus begins to die.
The fungus is lightly damaged.
A nearby fungus withers and dies.
A nearby fungus withers and dies.
You open the door.
A rat and a river rat come into view.
Found a scale mail.
A red film seems to cover your vision as you go berserk!
You feel yourself moving faster!
You feel mighty!
You feel a strong urge to attack something.
There is an open door here.
The river rat bites you.
You sock the river rat!
The river rat is almost dead.
The river rat bites you. The rat bites you.
You hit the river rat.
You kill the river rat!
Trog accepts your kill. The rat bites you but does no damage.
Your Fighting skill increases to level 4!
Your Armour skill increases to level 3!
Your Dodging skill increases to level 2!
You have reached level 2!
Things that are here:
a +0 scale mail; a river rat corpse You hit the rat.
The rat is severely wounded.
The rat closely misses you.
You thump the rat!
You kill the rat!
Trog accepts your kill.
You feel a strong urge to attack something.
You are no longer berserk.
You are exhausted.
You feel yourself slow down.
Things that are here:
a +0 scale mail; a river rat corpse
i - a +0 scale mail You start removing your armour.
You continue taking off your +0 animal skin. x4
You finish taking off your +0 animal skin.
You start putting on your armour.
You continue putting on your +0 scale mail. x5
You finish putting on your +0 scale mail.
You drop a +0 animal skin.
You start resting.
HP restored.
You open the door.
An oklob sapling comes into view.
Marking area around an oklob sapling as unsafe for travelling.
Found 39 gold pieces.
You feel yourself speed up.
Really walk into a travel-excluded area?
There is an open door here.
The oklob sapling spits acid at you. The splash of acid misses you.
You hit the oklob sapling.
The oklob sapling is heavily damaged.
A scorpion comes into view.
You hit the oklob sapling but do no damage.
The oklob sapling is heavily damaged.
The scorpion completely misses you.
You hit the oklob sapling but do no damage.
The oklob sapling is lightly damaged.
The scorpion stings you. The scorpion closely misses you.
You completely miss the oklob sapling.
The oklob sapling is lightly damaged.
The scorpion stings you.
Okay, then.
The oklob sapling spits acid at you. The splash of acid hits you!!
Ouch! That really hurt!
You die...

##################
#<...#.....#.$$$$#
#....'.[...@s#
#....#.....#P#
##############


You could see an oklob sapling and a scorpion.

Vanquished Creatures
  A river rat (D)
  A rat (D)
2 creatures vanquished.

Vanquished Creatures (others)
  7 fungi (D)
7 creatures vanquished.

Grand Total: 9 creatures vanquished

Notes
Turn   | Place    | Note
-------+----------+-------------------------------------------
     0 | D        | Darkkill the Gargoyle Berserker began the quest for the
                  | Orb.
     0 | D        | Reached XP level 1. HP: 14/14 MP: 1/1
    26 | D        | Reached skill level 4 in Fighting
    26 | D        | Reached XP level 2. HP: 17/20 MP: 2/2
    55 | D        | Noticed an oklob sapling
    60 | D        | Noticed a scorpion
    64 | D        | Killed from afar by an oklob sapling

Illustrated notes

Levels and vault maps discovered:
D:        dungeon_sprint_fedhas [sprint_temple]

Skill      XL: |  1 |
---------------+----+-----
Fighting       | 4 |  4.0
Armour         | 3 |  3.1
Dodging        | 2 |  2.3
Maces & Flails | |  3.6

Action                     || total
---------------------------++-------
  Melee: Mace              ||    16
 Invoke: Berserk           ||     1
 Armour: Animal skin       ||     1
  Dodge: Dodged            ||     4

Table legend: (Time is in decaauts)
 A = Elapsed time spent in this place.
 B = Non-inter-level travel time spent in this place.
 C = Inter-level travel time spent in this place.
 D = Time resting spent in this place.
 E = Time spent auto-exploring this place.
 F = Levels seen in this place.
 G = Mean time per level.
                   A        B        C        D        E       F      G
               +--------+--------+--------+--------+--------+-----+--------+
         Total |     77 |     77 |      0 |     13 |      0 |   1 |   77.0 |
       Dungeon |     77 |     77 |      0 |     13 |      0 |   1 |   77.0 |
               +--------+--------+--------+--------+--------+-----+--------+

Top non-repeatable levels by time:
       D: 77 daAuts

Levels and vault maps discovered:
D:        dungeon_sprint_fedhas [sprint_temple]

Table legend: (Time is in decaauts)
 A = Elapsed time spent in this place.
 B = Non-inter-level travel time spent in this place.
 C = Inter-level travel time spent in this place.
 D = Time resting spent in this place.
 E = Time spent auto-exploring this place.
 F = Levels seen in this place.
 G = Mean time per level.
                   A        B        C        D        E       F      G
               +--------+--------+--------+--------+--------+-----+--------+
         Total |     77 |     77 |      0 |     13 |      0 |   1 |   77.0 |
       Dungeon |     77 |     77 |      0 |     13 |      0 |   1 |   77.0 |
               +--------+--------+--------+--------+--------+-----+--------+

Top non-repeatable levels by time:
       D: 77 daAuts

Table legend:
 A = Kills in this place as a percentage of kills in the entire game.
 B = Kills by you in this place as a percentage of kills by you in the entire game.
 C = Kills by friends in this place as a percentage of kills by friends in the entire game.
 D = Other kills in this place as a percentage of other kills in the entire game.
 E = Experience gained in this place as a percentage of experience gained in the entire game.
 F = Experience gained in this place divided by the number of levels of this place that you have seen.
                   A       B       C       D       E      F
               +-------+-------+-------+-------+-------+----------------------
         Total | 100.0 | 100.0 |   N/A |   N/A | 100.0 |  15.0
       Dungeon | 100.0 | 100.0 |   N/A |   N/A | 100.0 |  15.0
               +-------+-------+-------+-------+-------+----------------------
